 Dungeon Crawl Stone Soup version 0.27.1-1-g398f81649c (webtiles) character file.

Game seed: 13065369218285606970

6959 ZARRMARR the Destroyer (level 11, -4/61 HPs)
             Began as an Octopode Conjurer on Sept 12, 2021.
             Was a Follower of Sif Muna.
             Slain by a tengu warrior (7 damage)
             ... on level 10 of the Dungeon.
             The game lasted 01:02:17 (15244 turns).

ZARRMARR the Destroyer (Octopode Conjurer)         Turns: 15244, Time: 01:02:20

Health: -4/61      AC:  1    Str:  8    XL:     11   Next: 7%
Magic:  11/14      EV: 21    Int: 21    God:    Sif Muna [*.....]
Gold:   1106       SH:  5    Dex: 14    Spells: 8/14 levels left

rFire    + + .     SeeInvis .   z - +4 hand axe of Sequestration {spect, Fragile +Rage rN+ Dex+4}
rCold    . . .     Faith    .   (no shield)
rNeg     + . .     Spirit   .   (helmet restricted)
rPois    .         Reflect  +   e - amulet of reflection
rElec    .         Harm     .   n - +4 ring of evasion
rCorr    .         Rampage  .   p - ring of protection from fire
Will     ++...                  (no ring)
Stlth    ++++++....             (no ring)
HPRegen  0.20/turn              (no ring)
MPRegen  0.14/turn              (no ring)
                                (no ring)
                                (no ring)

@: about to teleport
A: almost no armour, amphibious, 8 rings, camouflage 1, gelatinous body 1,
(nimble swimmer 1), tentacles, dopey 1, fire resistance 1, strong-willed 2
a: Renounce Religion, Evoke Berserk Rage, Channel Magic


You were on level 10 of the Dungeon.
You worshipped Sif Muna.
Sif Muna was aware of your devotion.
You visited 2 branches of the dungeon, and saw 11 of its levels.
You also visited: Sewer.

You collected 1730 gold pieces.
You spent 624 gold pieces at shops.

Inventory:

Hand Weapons
 l - a +5 short sword
 y - the +1 great sword "Grim" {antimagic, Fly rCorr}
   (You found it on level 8 of the Dungeon)

   It reduces the magical energy of the wielder, and disrupts the spells and
   magical abilities of those it strikes.
   Natural abilities and divine invocations are not affected.
   Fly:       It grants you flight.
   rCorr:     It protects you from acid and corrosion.
 z - the +4 hand axe of Sequestration (weapon) {spect, Fragile +Rage rN+ Dex+4}
   (You took it off an orc on level 7 of the Dungeon)

   When its wielder attacks, the weapon's spirit leaps out and strikes again.
   The spirit shares a part of any damage it takes with its wielder.
   Dex:       It affects your dexterity (+4).
   rN:        It protects you from negative energy.
   +Rage:     It lets you go berserk.
   Fragile:   It will be destroyed if unequipped.
Missiles
 u - a throwing net
 w - 7 curare-tipped darts (quivered)
Magical Staves
 E - a staff of air
Jewellery
 e - an amulet of reflection (around mantle)
 n - a +4 ring of evasion (left tentacle)
 p - a ring of protection from fire (right tentacle)
 C - a ring of flight
Wands
 o - a wand of flame (37)
 B - a wand of iceblast (8)
Scrolls
 a - a scroll of magic mapping
 c - a scroll of teleportation
 h - 2 scrolls of fog
 j - a scroll of enchant weapon
 m - a scroll of vulnerability
 q - 4 scrolls of immolation
 F - a scroll of brand weapon {unknown}
Potions
 b - a potion of magic {unknown}
 d - a potion of cancellation {unknown}
 f - 2 potions of might
 g - 2 potions of curing {unknown}
 i - 3 potions of flight {unknown}
 k - 2 potions of mutation
 r - a potion of lignification
 s - a potion of brilliance {unknown}
 t - 3 potions of heal wounds {unknown}
 v - a potion of invisibility {unknown}
 D - 2 potions of berserk rage {unknown}


   Skills:
 + Level 8.3 Dodging
 + Level 11.5 Stealth
 - Level 2.0 Spellcasting
 * Level 11.9 Conjurations
 * Level 3.3 Hexes
 + Level 2.3 Evocations


You had 8 spell levels left.
You knew the following spells:

 Your Spells              Type           Power      Damage    Failure   Level
a - Magic Dart            Conj           100%       1d8       1%          1
b - Searing Ray           Conj           100%       3d7       1%          2
c - Dazzling Flash        Conj/Hex       68%        N/A       1%          3

Your spell library contained the following spells:

 Spells                   Type           Power      Damage    Failure   Level
 Static Discharge         Conj/Air       27%        N/A       1%          2
 Iskenderun's Battlesphe  Conj           51%        2d10      3%          5
 Fulminant Prism          Conj/Hex       17%        3d11      6%          4
 Iskenderun's Mystic Bla  Conj/Tloc      27%        2d7       13%         4
 Sticky Flame             Conj/Fire      27%        2d5       13%         4
 Pain                     Necr           8%         1d4       14%         1
 Summon Small Mammal      Summ           8%         N/A       14%         1
 Summon Guardian Golem    Hex/Summ       9%         N/A       22%         3
 Call Canine Familiar     Summ           2%         N/A       41%         3
 Gell's Gravitas          Tloc           1%         N/A       41%         3
 Teleport Other           Tloc           2%         N/A       41%         3
 Dispel Undead            Necr           2%         3d7       82%         4
 Iron Shot                Conj/Erth      13%        9d3       89%         6
 Agony                    Necr           2%         N/A       99%         5
 Excruciating Wounds      Necr           1%         N/A       99%         5
 Dispersal                Tloc           1%         N/A       100%        6
 Spellforged Servitor     Conj/Summ      13%        N/A       100%        7


Dungeon Overview and Level Annotations

Branches:
Dungeon (10/15)            Temple (1/1) D:7            Lair (0/6) D:9
  Sewer (visited)
    Orc: D:9-12

Altars:
Ashenzari
Cheibriados
Dithmenos
Elyvilon
Fedhas
Gozag
Hepliaklqana
Kikubaaqudgha
Makhleb
Nemelex Xobeh
Okawaru
Qazlal
Ru
Sif Muna
Trog
Uskayaw
Vehumet
Wu Jian
Xom
Yredelemnul
Zin
The Shining One

Shops:
D:8 (   D:9 !   D:10 ?

Annotations:
D:5 exclusion: sky beast, Menkaure
D:6 exclusion: downstairs
D:10 exclusion: two-headed ogre, Erolcha, Maggie


Innate Abilities, Weirdness & Mutations

You cannot wear most types of armour.
You are amphibious.
You can wear up to eight rings at the same time.
Your skin changes colour to match your surroundings (Stealth+).
Your rubbery body absorbs attacks. (AC +1, EV +1)
((You are camouflaged near water. (Stealth+)))
You have tentacles for arms and can constrict up to eight enemies at once.
You are dopey. (Int -2)
Your flesh is heat resistant. (rF+)
You are highly strong-willed. (Will++)


Message History

You destroy the gargoyle!
Sif Muna accepts your kill.
You start resting.
Erolcha the Cunning comes into view.
She is wielding a +0 giant club.
Unknown command.
Press: ? - help, v - describe, . - travel
Here: Erolcha, wielding a +0 giant club and wearing a +0 robe (wandering, hasn't noticed you)
The floor.
Unknown command.
As you read the scroll of teleportation, it crumbles to dust.
You feel strangely unstable.
Your surroundings suddenly seem different.
A tengu warrior comes into view. It is wielding a +0 broad axe.
Press: ? - help, v - describe, . - travel
Here: a tengu warrior, wielding a +0 broad axe, wearing a +0 ring mail and wearing a +0 buckler (wandering, hasn't noticed you)
The floor.
Okay, then.
Unknown command.
Casting: Searing Ray (safe; 1% risk of failure)
Confirm with . or Enter, or press ? or * to list all spells.
Aiming: Searing Ray (safe; 1% risk of failure)
Press: ? - help, Shift-Dir - straight line, f - tengu warrior
Aim: a tengu warrior, wielding a +0 broad axe, wearing a +0 ring mail and wearing a +0 buckler (wandering, hasn't noticed you, 70% to hit)
The searing ray misses the tengu warrior. (Press . to maintain the ray.) Unknown command.
The searing ray misses the tengu warrior.
You fail to use your ability.
You fail to use your ability.
The tengu warrior hits you with a +0 broad axe!!
The tengu warrior pecks you. You block the tengu warrior's attack.
Unknown command.
As you read the scroll of teleportation, it crumbles to dust.
You feel strangely unstable.
The tengu warrior hits you with a +0 broad axe!!
* * * LOW HITPOINT WARNING * * *
The tengu warrior pecks you.
* * * LOW HITPOINT WARNING * * *
The tengu warrior claws you!
You die...

.......# ... .......# #. .......#
+. .......# #. .......#... #.
.......#... #. .......#..# .#
###. .......#..########'## #...
.......#.......Q@...# #...
.......#.........)..# #...
.......#............# #...
.......#...(........# #...
.......#..##..####### #####...
.......#..##..####.#######......#
.......#...#.....#.......#..<...#
.......#...#.....#.......#......#
..(....#...#.....#.......#......#


You could see a tengu warrior.

Vanquished Creatures
  2 two-headed ogres
  A gargoyle (D:10)
  A troll (D:8)
  A hornet (D:9)
  A wyvern (D:8)
  2 steam dragons (D:7)
  An acid dragon (D:9)
  Duvessa (D:5)
  3 water moccasins
  A sky beast (D:6)
  4 orc warriors
  2 necrophages (D:4)
  A centaur (D:7)
  2 phantoms (D:6)
  3 kobold brigands
  4 bullfrogs
  A gnoll sergeant (D:9)
  Dowan (D:5)
  4 scorpions
  A wyvern skeleton (D:7)
  7 killer bees
  3 water moccasin skeletons
  5 wights (D:7)
  A howler monkey (D:6)
  A jelly (D:6)
  2 electric eels (D:6)
  2 bullfrog zombies
  3 centaur zombies
  A bullfrog skeleton (D:4)
  2 gnoll shamans
  4 hounds
  9 orc priests
  A centaur skeleton (D:7)
  Ijyb (D:5)
  6 orc wizards
  An iguana (D:4)
  A hound skeleton (D:3)
  A howler monkey zombie (D:9)
  12 gnolls
  A howler monkey skeleton (D:2)
  10 adders
  A white imp (D:6)
  An ufetubus (D:6)
  A worm (D:4)
  2 dart slugs
  29 orcs
  6 endoplasms
  8 giant cockroaches
  6 goblins
  7 hobgoblins
  4 jackals (D:1)
  11 quokkas
  9 ball pythons
  10 bats
  9 frilled lizards
  24 kobolds
  6 rats
245 creatures vanquished.

Vanquished Creatures (others)
  A plant (D:6)
1 creature vanquished.

Grand Total: 246 creatures vanquished

Notes
Turn   | Place    | Note
-------+----------+-------------------------------------------
     0 | D:1      | ZARRMARR the Octopode Conjurer began the quest for the Orb.
     0 | D:1      | Reached XP level 1. HP: 11/11 MP: 3/3
   224 | D:1      | Reached XP level 2. HP: 16/17 MP: 0/5
   657 | D:1      | Found a faded altar of an unknown god.
   680 | D:1      | Reached XP level 3. HP: 4/21 MP: 1/6
  1604 | D:2      | Learned a level 2 spell: Searing Ray
  2012 | D:2      | Reached XP level 4. HP: 19/27 MP: 1/7
  2411 | D:2      | Reached skill level 5 in Conjurations
  2884 | D:3      | You fall into a shaft and drop 2 floors!
  2884 | D:5      | Entered Level 5 of the Dungeon
  3050 | D:5      | Reached XP level 5. HP: 15/31 MP: 1/8
  3219 | D:5      | Noticed Menkaure
  3535 | D:5      | Noticed Dowan
  3544 | D:4      | Reached XP level 6. HP: 36/36 MP: 0/9
  3550 | D:4      | Reached skill level 5 in Stealth
  3877 | D:4      | Noticed a necrophage
  4626 | D:3      | Found a sparkling altar of Nemelex Xobeh.
  4913 | D:4      | Noticed a necrophage
  4916 | D:4      | Killed a necrophage
  5021 | D:4      | Reached XP level 7. HP: 34/41 MP: 3/10
  6335 | D:5      | Noticed Duvessa
  6343 | D:5      | Killed Duvessa
  6548 | D:5      | Noticed Ijyb
  6557 | D:5      | Killed Ijyb
  6558 | D:5      | Reached XP level 8. HP: 30/46 MP: 1/11
  6760 | D:5      | Killed Dowan
  7003 | D:6      | Found a stormy altar of Qazlal.
  7012 | D:6      | Reached skill level 5 in Dodging
  7021 | D:6      | Found an ancient bone altar of Kikubaaqudgha.
  7022 | D:6      | Found a blossoming altar of Fedhas.
  7041 | D:6      | Gained mutation: You are dopey. (Int -2) [potion of
                  | mutation]
  7041 | D:6      | Gained mutation: Your flesh is heat resistant. (rF+)
                  | [potion of mutation]
  7041 | D:6      | Gained mutation: You are strong-willed. (Will+) [potion of
                  | mutation]
  7041 | D:6      | Gained mutation: You are highly strong-willed. (Will++)
                  | [potion of mutation]
  7049 | D:6      | HP: 3/69 [poisoned by a scorpion]
  7051 | D:6      | HP: 1/69 [poisoned by a scorpion]
  7312 | D:6      | Found a glowing drain.
  7410 | Sewer    | Entered a sewer
  7813 | Sewer    | Identified the +2 robe of Soci Kex {Contam +Blink rPois
                  | Str+2}
  8300 | D:6      | Reached XP level 9. HP: 51/51 MP: 1/12
 10178 | D:7      | Reached skill level 10 in Conjurations
 10499 | D:7      | Found a staircase to the Ecumenical Temple.
 10499 | D:7      | Identified the +4 hand axe of Sequestration {spect, Fragile
                  | +Rage rN+ Dex+4}
 10708 | Temple   | Entered the Ecumenical Temple
 11248 | D:7      | Reached skill level 10 in Stealth
 11358 | D:7      | Found an opulent altar of Gozag.
 11512 | D:8      | Reached XP level 10. HP: 30/56 MP: 4/13
 11694 | D:8      | Identified the +1 great sword "Grim" {antimagic, Fly rCorr}
 11804 | D:8      | Found a glowing golden altar of the Shining One.
 11808 | D:8      | Found Addosuk's Weapon Shop.
 11998 | D:8      | Noticed a two-headed ogre
 12012 | D:8      | Killed a two-headed ogre
 13250 | D:9      | Found a staircase to the Lair.
 13324 | D:9      | Noticed a two-headed ogre
 13331 | D:9      | HP: 1/56 [two-headed ogre (5)]
 13718 | D:9      | Found Yjosto's Distillery.
 13745 | D:9      | Found a shimmering blue altar of Sif Muna.
 13826 | D:9      | Became a worshipper of Sif Muna the Loreminder
 14048 | D:9      | Found a sacrificial altar of Ru.
 14278 | D:9      | Reached skill level 1 in Hexes
 14291 | D:9      | Reached skill level 1 in Evocations
 14434 | D:9      | Killed a two-headed ogre
 14550 | D:9      | Learned a level 3 spell: Dazzling Flash
 14694 | D:10     | Entered Level 10 of the Dungeon
 14776 | D:10     | Noticed Maggie
 14804 | D:10     | Found Iteh's Magic Scroll Shoppe.
 14812 | D:10     | Bought a scroll of acquirement for 624 gold pieces
 14812 | D:10     | Acquired 1079 gold pieces
 14814 | D:10     | Acquired a book of Power
 14948 | D:10     | Reached * piety under Sif Muna
 14953 | D:10     | Reached XP level 11. HP: 56/61 MP: 2/14
 15111 | D:10     | Noticed a two-headed ogre
 15236 | D:10     | Noticed Erolcha
 15239 | D:10     | Noticed a tengu warrior
 15244 | D:10     | HP: 3/61 [tengu warrior (4)]
 15244 | D:10     | Slain by a tengu warrior

Illustrated notes

Levels and vault maps discovered:
D:1:      dpeg_arrival_connections, layout_basic, basic_ecumenical_altar,
          minmay_misc_feat_columns
D:2:      layout_loops_cross, hangedman_decor_peaks_small,
          palyth_stone_intersect, minmay_tripent
D:3:      layout_basic, nemelex_diamond_rough_becter, dk_noncrumbling_2
D:4:      layout_basic
D:5:      layout_loops_corners, minmay_door_square, uniq_ijyb, uniq_menkaure,
          uniq_duvessa
D:6:      layout_gridville, grunt_qazlal_sundering,
          grunt_temple_overflow_growth_and_decay, portal_sewer_entry_f,
          kennysheep_path_1, hex_tiny
D:7:      layout_basic, mainiacjoe_overflow_cross_hatched,
          minmay_temple_entry_offerings
D:8:      layout_rooms, mainiacjoe_overflow_tiny_flanked,
          serial_co_window_serial, co_window_of_opportunity_a,
          co_window_paths_b, co_window_paths_a, co_window_paths_a,
          co_window_paths_b, co_window_corner_a, co_window_paths_a,
          co_window_paths_b, co_window_corner_a, co_window_2corner,
          co_window_broadway_a, co_window_unsneaky_path_c, co_window_2corner,
          co_window_paths_d, glass_columns_a, glass_columns_a, serial_shops,
          nicolae_shop_stone
D:9:      layout_roguey, nicolae_ru_great_annihilating_truth,
          amcnicky_altar_gilded, lair_entry_dummy, serial_shops, shop,
          hangedman_decor_diamond_cutter
D:10:     layout_gridville, serial_shops, shop_fountains, uniq_maggie,
          uniq_erolcha
Temple:   eino_temple_water

Skill      XL: |  1  2  3  4  5  6  7  8  9 10 11 |
---------------+----------------------------------+-----
Stealth        | 3 4 5 6 8 10 11 | 11.5
Conjurations   | 5 6 7 8 10 11 | 11.9
Dodging        | 3 4 5 7 8 |  8.3
Hexes          | 2 3 |  3.3
Evocations     | 2 |  2.3
Spellcasting   | |  2.0

Action                   |  1- 3 |  4- 6 |  7- 9 | 10-12 || total
-------------------------+-------+-------+-------+-------++-------
Melee: Unarmed           |    47 |       |       |       ||    47
       Tentacles         |     8 |     2 |     3 |     7 ||    20
       Constrict         |     8 |     5 |     5 |     7 ||    25
       Short sword       |       |    13 |    22 |       ||    35
       Hand axe          |       |       |       |    30 ||    30
Throw: Dart              |       |       |     1 |     4 ||     5
 Cast: Magic Dart        |    59 |    43 |   100 |    31 ||   233
       Searing Ray       |       |    16 |    81 |    42 ||   139
Evoke: Wand              |       |       |       |    18 ||    18
  Use: Scroll            |     1 |     6 |     4 |     5 ||    16
       Potion            |       |       |     3 |       ||     3
 Stab: Sleeping          |       |     2 |     5 |       ||     7
Armor: Skin              |     8 |     1 |     4 |     1 ||    14
Dodge: Dodged            |    45 |     9 |    49 |    34 ||   137
Block: Other             |       |     8 |    11 |     6 ||    25
       Reflection        |       |       |     1 |     2 ||     3
